 Dungeon Crawl Stone Soup version 0.30-a0-347-gf58ed5266c (webtiles) character file.

Game seed: 15334190474296810799

103 runemasterragnar the Ruffian (level 4, -5/36 HPs)
             Began as a Draconian Transmuter on Nov 6, 2022.
             Slain by a scorpion (6 damage)
             ... on level 3 of the Dungeon.
             The game lasted 00:02:26 (2183 turns).

runemasterragnar the Ruffian (Draconian Transmuter) Turns: 2183, Time: 00:02:26

Health: -5/36      AC:  2    Str: 14    XL:     4   Next: 51%
Magic:  4/7        EV: 19    Int: 14    God:
Gold:   101        SH:  0    Dex: 16    Spells: 2/8 levels left

rFire   . . .      SeeInvis .      - Unarmed
rCold   . . .      Faith    .    (shield currently unavailable)
rNeg    . . .      Spirit   .    (body armour unavailable)
rPois   x          Reflect  .    (helmet currently unavailable)
rElec   .          Harm     .    (cloak currently unavailable)
rCorr   .          Rampage  .    (gloves currently unavailable)
Will    .....                    (boots currently unavailable)
Stlth   +.........               (no amulet)
HPRegen 0.26/turn                (no ring)
MPRegen 0.10/turn                (no ring)

@: brilliant, lethally poisoned (-5 -> -15), spider-form (expiring)
A: venomous fangs, AC +5, tiny, unfitting armour, (cold-blooded)
a: End Transformation


You were on level 3 of the Dungeon.
You were a venomous arachnid creature.
You visited 1 branch of the dungeon, and saw 3 of its levels.

You collected 101 gold pieces.

Inventory:

Armour
 g - a +0 pair of boots (melded)
Jewellery
 m - a ring of ice
 n - a +6 ring of intelligence
 q - a ring of fire
Scrolls
 c - 3 scrolls of silence {unknown}
 d - a scroll of teleportation {unknown}
 e - a scroll of enchant weapon {unknown}
 k - a scroll of immolation {unknown}
 l - 3 scrolls of identify {unknown}
 o - a scroll of enchant armour {unknown}
Potions
 a - a potion of lignification
 b - 2 potions of heal wounds {unknown}
 f - a potion of attraction {unknown}
 h - 2 potions of brilliance
 i - 3 potions of curing {unknown}
 j - a potion of flight {unknown}
 p - a potion of mutation {unknown}
 r - a potion of might {unknown}


   Skills:
 + Level 2.2 Fighting
 + Level 2.4 Dodging
 + Level 3.6 Unarmed Combat
 + Level 2.6 Spellcasting
 + Level 2.7 Transmutations


You had 2 spell levels left.
You knew the following spells:

 Your Spells              Type           Power      Damage    Failure   Level
a - Beastly Appendage     Tmut           28%        N/A       21%         1
b - Wereblood             Tmut           14%        N/A       26%         2
c - Spider Form           Tmut/Pois      8%         N/A       58%         3

Your spell library contained the following spells:

 Spells                   Type           Power      Damage    Failure   Level
 Ice Form                 Ice/Tmut       8%         N/A       90%         4


Dungeon Overview and Level Annotations

Branches:
Dungeon (3/15)

Altars:


Innate Abilities, Weirdness & Mutations

You are a venomous arachnid creature.
You have poisonous fangs.
You are tiny and dextrous.
Your spellcasting is less reliable in this form.
Your armour is entirely melded.
You are incapable of wielding weapons or throwing items.
((Your plain brown scales are hard. (AC +5)))
You cannot fit into any form of body armour.
((You are cold-blooded and may be slowed by cold attacks.))


Message History

Found an escape hatch in the ceiling.
Found a spear.
A scorpion comes into view.
A scorpion is nearby!
A scorpion is nearby!
Casting: Beastly Appendage (safe; 8% risk of failure)
Confirm with . or Enter, or press ? or * to list all spells.
The spell is quite dangerous to miscast (36% risk of failure)!
Continue anyway?
Your horns disappear.
Your talons disappear.
Your +0 pair of boots unmelds from your body.
You turn into a venomous arachnid creature.
Your +0 pair of boots melds into your body.
Your transformation is almost over.
You hit the scorpion but do no damage.
The scorpion is poisoned.
The scorpion misses you.
You hit the scorpion but do no damage.
The scorpion is lightly wounded.
The scorpion stings you.
You are poisoned.
The scorpion poisons you! The scorpion stings you.
You hit the scorpion.
The scorpion is lightly wounded.
You feel very sick.
The scorpion stings you but does no damage.
You hit the scorpion.
The scorpion is moderately wounded.
You feel very sick. The scorpion stings you!
* * * LOW HITPOINT WARNING * * *
You barely miss the scorpion.
The scorpion is moderately wounded.
* * * LOW HITPOINT WARNING * * *
You feel very sick. The scorpion misses you.
It was a potion of brilliance.
You feel clever all of a sudden.
* * * LOW HITPOINT WARNING * * *
You feel very sick. The scorpion stings you.
You die...

###### ..#..# ## ###
#.#..# # #. ..# #.#<.#
#. #.##.###.#..#
#..#..#.#)†....########
#.....#.#.#.##..(....)#
#........)..##.#s####.#
#.....<.#...##.#s#
.....####...##.#.# ....
..>....#.# ###
###.#####.# ... ..# .##
### ..


You could see a scorpion (very poisoned).

Vanquished Creatures
  3 gnolls (D:2)
  2 adders (D:2)
  3 worms (D:2)
  A dart slug (D:1)
  5 bats
  4 endoplasms (D:1)
  3 giant cockroaches
  2 goblins (D:1)
  3 hobgoblins
  2 jackals (D:2)
  5 ball pythons
  7 frilled lizards
  5 kobolds
  3 rats (D:1)
48 creatures vanquished.

Vanquished Creatures (others)
  A plant (D:2)
1 creature vanquished.

Grand Total: 49 creatures vanquished

Notes
Turn   | Place    | Note
-------+----------+-------------------------------------------
     0 | D:1      | runemasterragnar the Draconian Transmuter began the quest
                  | for the Orb.
     0 | D:1      | Reached XP level 1. HP: 16/16 MP: 3/3
   189 | D:1      | Reached XP level 2. HP: 23/23 MP: 3/5
   746 | D:1      | Reached XP level 3. HP: 29/29 MP: 4/6
  1398 | D:1      | Learned a level 2 spell: Wereblood
  1402 | D:1      | Learned a level 3 spell: Spider Form
  1440 | D:2      | Reached XP level 4. HP: 25/36 MP: 3/7
  2174 | D:3      | Noticed a scorpion
  2183 | D:3      | HP: 1/36 [poisoned by a scorpion]
  2183 | D:3      | Slain by a scorpion

Illustrated notes

Levels and vault maps discovered:
D:1:      shiori_shiawase, layout_basic, supply_closet_lemuel
D:2:      layout_loops_ring, nicolae_grassy_gnolls
D:3:      layout_basic, uniq_pargi

Skill      XL: |  1  2  3 |
---------------+----------+-----
Dodging        | 2 |  2.4
Fighting       | 2 |  2.2
Unarmed Combat | |  3.6
Spellcasting   | |  2.6
Transmutations | |  2.7

Action                   |  1- 3 |  4- 6 || total
-------------------------+-------+-------++-------
Melee: Unarmed           |    94 |    41 ||   135
       Kick              |    13 |     6 ||    19
       Headbutt          |     6 |     6 ||    12
       Tailslap          |     8 |     4 ||    12
       Punch             |       |     1 ||     1
 Cast: Beastly Appendage |    21 |    10 ||    31
       Spider Form       |     2 |     1 ||     3
  Use: Potion            |       |     1 ||     1
 Stab: Sleeping          |     2 |       ||     2
Armor: Skin              |    18 |     7 ||    25
Dodge: Dodged            |    57 |    20 ||    77

Table legend: (Time is in decaauts)
 A = Elapsed time spent in this place.
 B = Non-inter-level travel time spent in this place.
 C = Inter-level travel time spent in this place.
 D = Time resting spent in this place.
 E = Time spent auto-exploring this place.
 F = Levels seen in this place.
 G = Mean time per level.
                   A        B        C        D        E       F      G
               +--------+--------+--------+--------+--------+-----+--------+
         Total |   2178 |   2117 |     61 |    195 |   1552 |   3 |  726.0 |
       Dungeon |   2178 |   2117 |     61 |    195 |   1552 |   3 |  726.0 |
               +--------+--------+--------+--------+--------+-----+--------+

Top non-repeatable levels by time:
     D:1: 1374 daAuts
     D:2: 766 daAuts
     D:3: 37 daAuts
